 Dungeon Crawl Stone Soup version 0.31.0-11-ge490571c62 (webtiles) character file.

Game seed: 6093000268393808418

413 hawla the Ducker (level 6, -13/34 HPs)
             Began as a Deep Elf Fire Elementalist on Feb 11, 2024.
             Mangled by an ogre
             ... wielding a +0 giant club
              (14 damage)
             ... on level 3 of the Dungeon.
             The game lasted 00:07:48 (2892 turns).

hawla the Ducker (Deep Elf Fire Elementalist)       Turns: 2892, Time: 00:07:49

Health: -13/34     AC:  3    Str:  5    XL:     6   Next: 59%
Magic:  0/12       EV: 14    Int: 22    God:
Gold:   195        SH:  0    Dex: 15    Spells: 4/11 levels left

rFire   . . .        (no weapon)
rCold   . . .        (no shield)
rNeg    . . .        a - +1 robe
rPois   .            (no helmet)
rElec   .            (no cloak)
rCorr   .            (no gloves)
SInv    .            (no boots)
Will    .....        (no amulet)
Stlth   +++          (no ring)
HPRegen 0.25/turn    (no ring)
MPRegen 0.13/turn

%: no passive effects
@: studying Staves
A: no striking features
a: no special abilities


You were on level 3 of the Dungeon.
You visited 1 branch of the dungeon, and saw 4 of its levels.

You collected 195 gold pieces.

Inventory:

Armour
 a - a +1 robe (worn)
Jewellery
 b - a ring of protection from fire
 l - a ring of poison resistance
 o - a ring of protection from cold
Wands
 i - a wand of flame (16) (quivered)
Scrolls
 d - a scroll of enchant armour
 f - a scroll of identify
 g - a scroll of fog {unknown}
 n - 2 scrolls of teleportation {unknown}
Potions
 c - a potion of attraction
 j - 4 potions of curing {unknown}
 k - a potion of heal wounds {unknown}
 m - a potion of ambrosia {unknown}
 p - 2 potions of degeneration {unknown}
 q - a potion of mutation {unknown}
 r - a potion of experience {unknown}


   Skills:
 - Level 1.0 Fighting
 - Level 6.0 Dodging
 - Level 4.0 Stealth
 - Level 3.0 Spellcasting
 - Level 3.0 Conjurations
 - Level 3.2 Fire Magic
 + Level 3.2 Evocations


You had 4 spell levels left.
You knew the following spells:

 Your Spells              Type           Power      Damage    Failure   Level
a - Foxfire               Conj/Fire      68%        2x1d7     3%          1
b - Scorch                Fire           34%        2d6       4%          2
c - Flame Wave            Conj/Fire      17%        2d7       34%         4

Your spell library contained the following spells:

 Spells                   Type           Power      Damage    Failure   Level
 Freeze                   Ice            12%        1d3       12%         1
 Ensorcelled Hibernation  Hex/Ice        6%         N/A       19%         2
 Inner Flame              Hex/Fire       10%        N/A       19%         3
 Volatile Blastmotes      Fire/Tloc      20%        2d11      19%         3
 Hailstorm                Conj/Ice       9%         3d6       21%         3
 Frozen Ramparts          Ice            6%         1d1       36%         3
 Passwall                 Erth           3%         N/A       36%         3
 Swiftness                Air            3%         N/A       36%         3


Dungeon Overview and Level Annotations

Branches:
Dungeon (4/15)
 Temple: D:4-7

Altars:
Kikubaaqudgha
Uskayaw

Annotations:
D:3 Robin
D:4 Blork the orc


Message History

You feel yourself slow down.
You climb downwards.
The ball python hisses angrily.
Blork the orc shouts!
Found 2 stones.
Found an escape hatch in the floor.
There is a stone staircase leading up here.
As you read the scroll labelled VAONUM ICWIOTUK, it crumbles to dust.
It is a scroll of enchant armour.
Your +0 robe glows green for a moment.
Blork the orc gestures at you while chanting.
The magic dart hits you.
* * * LOW HITPOINT WARNING * * *
As you read the scroll labelled HOHIAT PUD CIV, it crumbles to dust.
It is a scroll of amnesia.
Okay, then.
Blork the orc screams, "You are the ugliest creature I've ever seen!"
You climb upwards.
Level annotation: Robin
There is a stone staircase leading down here.
Okay, then.
As you read the scroll labelled LIOHEU XIOMADU, it crumbles to dust.
It is a scroll of identify.
c - a potion of attraction
Casting: Scorch (safe; 4% risk of failure)
Confirm with . or Enter, or press ? or * to list all spells.
Flames lash the ogre.
The ogre is moderately wounded.
The ogre's fire resistance burns away.
The ogre hits you with a +0 giant club!
* * * LOW HITPOINT WARNING * * *
Unknown command.
Casting: Scorch (safe; 4% risk of failure)
Confirm with . or Enter, or press ? or * to list all spells.
Flames lash the ogre.
The ogre is burned terribly!
The ogre is heavily wounded.
Casting: Scorch (safe; 4% risk of failure)
Confirm with . or Enter, or press ? or * to list all spells.
You don't know that spell.
Casting: Scorch (safe; 4% risk of failure)
Confirm with . or Enter, or press ? or * to list all spells.
You conjure some foxfire!
The ogre hits you with a +0 giant club!
You die...

#†# #......... ..# #.#
#######..#.###.# #.# #.#
#..........# #.# #.# #.#
#.##.##...## #.# #.# #.#
#.##......# #.# ##.# #.#
#.##.##.#.# #.# #...
#.####.##.##.#.####.###.#.
#........>v..#..........#.
######...@v÷..[[###...####
###....O#####.........#.
##.#...#>###########...#.
##.#............> ..#.....
#.###.....####### #.#.....
##.#.....## #.#.....
##.#....# ######†#.....
#.#....#####......<.....
#..............##)#####.


You could see an ogre (combustible, ally target).

Vanquished Creatures
  Sigmund (D:3)
  A hound (D:3)
  An orc priest (D:3)
  An iguana (D:2)
  2 orc wizards (D:3)
  Terence (D:3)
  3 adders (D:3)
  3 dart slugs
  3 ribbon worms
  7 orcs (D:3)
  5 bats
  3 endoplasms
  A giant cockroach (D:1)
  9 goblins
  2 hobgoblins
  5 jackals
  2 ball pythons (D:1)
  3 frilled lizards (D:2)
  6 kobolds
  6 rats
65 creatures vanquished.

Vanquished Creatures (others)
  151 foxfires
151 creatures vanquished.

Grand Total: 216 creatures vanquished

Notes
Turn   | Place    | Note
-------+----------+-------------------------------------------
     0 | D:1      | hawla the Deep Elf Fire Elementalist began the quest for
                  | the Orb.
     0 | D:1      | Reached XP level 1. HP: 10/10 MP: 6/6
   412 | D:1      | Reached skill level 1 in Fighting
   485 | D:1      | Reached XP level 2. HP: 12/16 MP: 5/8
   927 | D:2      | Learned a level 2 spell: Scorch
   931 | D:2      | Found an ancient bone altar of Kikubaaqudgha.
  1320 | D:2      | Reached XP level 3. HP: 9/20 MP: 0/9
  1863 | D:3      | Reached XP level 4. HP: 25/25 MP: 4/10
  1996 | D:3      | Noticed Sigmund
  2000 | D:3      | Killed Sigmund
  2001 | D:3      | Reached skill level 5 in Dodging
  2001 | D:3      | Reached XP level 5. HP: 29/29 MP: 4/11
  2236 | D:3      | Reached XP level 6. HP: 34/34 MP: 8/12
  2239 | D:3      | Reached skill level 6 in Dodging
  2239 | D:3      | Reached skill level 1 in Evocations
  2460 | D:3      | Found a hide-covered altar of Uskayaw.
  2567 | D:3      | Noticed Terence
  2573 | D:3      | Killed Terence
  2825 | D:3      | Learned a level 4 spell: Flame Wave
  2830 | D:3      | Identified the +1 helmet "Omoet" {rPois Int-3 Dex+6}
  2830 | D:3      | Noticed Robin
  2882 | D:4      | Noticed Blork the orc
  2890 | D:3      | HP: 1/34 [ogre/+0 giant club (9)]
  2892 | D:3      | Mangled by an ogre

Illustrated notes

Levels and vault maps discovered:
D:1:      spicycebolla_arrival_clurvy, layout_basic
D:2:      layout_loops_ring, basic_altar
D:3:      layout_loops_ring, zin_statuary,
          mainiacjoe_overflow_concentric_impassable,
          ebering_dispersal_statue_hall, st_stairs_9, uniq_robin, uniq_sigmund,
          uniq_terence
D:4:      minmay_skewed_foursquare, layout_loops_cross,
          minmay_temple_entry_grid, minmay_misc_feat_rows, uniq_blork_the_orc

Skill      XL: |  1  2  3  4  5  6 |
---------------+-------------------+-----
Fighting       | 1 |  1.0
Conjurations   | 3 |  3.0
Stealth        | 3 4 |  4.0
Dodging        | 5 6 |  6.0
Evocations     | 3 |  3.2
Spellcasting   | |  3.0
Fire Magic     | |  3.2

Action                     |  1- 3 |  4- 6 || total
---------------------------+-------+-------++-------
  Melee: Unarmed           |     2 |     9 ||    11
   Cast: Foxfire           |    48 |    43 ||    91
         Scorch            |     6 |    22 ||    28
    Use: Potion            |       |     3 ||     3
         Scroll            |       |     3 ||     3
 Armour: Robe              |     4 |    25 ||    29
         Skin              |       |     5 ||     5
  Dodge: Dodged            |    13 |    29 ||    42
